AoeStats
← 牛牛

Arena

509289039Analyzed
4v4 RM · 6d ago on Sep 26, 2026· 37m 25s· 8 players
Game mode
Random Map
Map size
Large (8 player)
Population
200
Speed
Normal
Resources
Standard
Victory
Conquest
Starting age
Dark Age
Ending age
Imperial Age
RankedLock teamsTeams togetherTeam positionsShared explorationLock speedFull tech treeHidden civsTurbo modeCheats
Victory
Defeat
🇨🇳 Huns · China
679
+15
656
+16
🇨🇦 Teutons · Canada
504
+22
🇩🇪 Franks · Germany
504
+22
🇯🇵 Vietnamese · Japan
673
-20
🇵🇦 Spanish · Panama
644
-19
🇲🇽 Varangians · Mexico
640
-19
🇵🇪 Inca · Peru
608
-17
✪KillerMx✪
11:00 Feudal Age
11:32 Double-Bit Axe
14:08 Horse Collar
15:24 Wheelbarrow
20:12 Castle Age
22:00 Stone Mining
22:04 Gold Mining
23:03 Forging
22:53 Scale Mail Armor
22:59 Scale Barding Armor
23:48 Bloodlines
24:49 Bow Saw
29:11 Iron Casting
29:16 Heavy Plow
36:05 Imperial Age
34:15 Husbandry
37:04 Chain Barding Armor
38:22 Blast Furnace
TheKingForever
0:44 Loom
11:20 Feudal Age
12:52 Double-Bit Axe
12:47 Horse Collar
20:43 Castle Age
21:02 Fletching
24:37 Bow Saw
24:27 Heavy Plow
Loopia
9:13 Loom
13:19 Feudal Age
15:59 Wheelbarrow
15:09 Town Watch
15:13 Double-Bit Axe
15:14 Horse Collar
16:33 Stone Mining
18:46 Castle Age
16:39 Gold Mining
18:56 Fletching
19:41 Bow Saw
19:32 Heavy Plow
21:19 Hand Cart
26:44 Bodkin Arrow
27:08 Caravan
30:25 Imperial Age
27:49 Pikeman
28:37 Squires
29:14 Forging
29:17 Padded Archer Armor
31:10 Iron Casting
32:03 Crop Rotation
32:40 Two-Man Saw
33:22 Scale Mail Armor
33:23 Bracer
33:39 Leather Archer Armor
[@51]ErgoProxy
2:01 Loom
11:44 Feudal Age
12:26 Horse Collar
12:35 Double-Bit Axe
12:38 Town Watch
12:48 Gold Mining
12:50 Stone Mining
15:31 Fletching
16:36 Forging
23:20 Wheelbarrow
22:49 Padded Archer Armor
22:51 Scale Mail Armor
27:36 Castle Age
25:46 Scale Barding Armor
26:21 Bloodlines
25:53 Man-at-Arms
27:40 Long Swordsman
DAZACO
11:37 Feudal Age
16:09 Castle Age
14:45 Scale Mail Armor
15:38 Forging
17:09 Gambesons
17:45 Chain Mail Armor
17:32 Man-at-Arms
19:02 Long Swordsman
21:36 Iron Casting
21:28 Gold Mining
22:36 Squires
28:45 Double-Bit Axe
32:30 Wheelbarrow
37:06 Hand Cart
36:37 Loom
Aurvandill83
12:50 Feudal Age
16:47 Double-Bit Axe
19:56 Castle Age
21:56 Bow Saw
29:12 Wheelbarrow
29:45 Fletching
30:06 Forging
31:03 Hand Cart
31:58 Stone Mining
33:07 Gold Mining
37:32 Imperial Age
37:48 Iron Casting
37:19 Scale Barding Armor
37:10 Bodkin Arrow
37:23 Caravan
牛牛
6:41 Loom
7:15 Loom
8:30 Loom
11:16 Feudal Age
12:09 Double-Bit Axe
12:08 Horse Collar
17:06 Castle Age
17:17 Stone Mining
21:05 Bow Saw
22:30 Wheelbarrow
24:37 Heavy Plow
29:05 Light Cavalry
29:46 Husbandry
30:45 Hand Cart
31:01 Bloodlines
31:52 Gold Mining
32:23 Marauders
33:25 Scale Barding Armor
33:20 Scale Mail Armor
33:31 Forging
36:13 Imperial Age
35:33 Gold Shaft Mining
35:51 Chain Barding Armor
35:46 Chain Mail Armor
36:07 Iron Casting
36:15 Padded Archer Armor
36:06 Fletching
36:33 Hussar
36:34 Cavalier
37:43 Parthian Tactics
38:05 Conscription
38:25 Plate Barding Armor
38:51 Blast Furnace
37:46 Bodkin Arrow
japs cancel meal for starvation
11:15 Feudal Age
10:46 Loom
12:30 Double-Bit Axe
15:12 Castle Age
19:12 Bow Saw
25:37 Gold Mining
30:33 Scale Mail Armor
33:11 Chain Mail Armor
35:03 Forging
37:42 Iron Casting
Connection lost

Rejoining the realm…

Still unreachable

The connection could not be restored.

Session expired

The server has moved on; the page needs a fresh start.